 Dungeon Crawl Stone Soup version 0.25.1-9-gc5326a611f (webtiles) character file.

Game seed: 13739151271246530619

199 Goreval the Sneak (level 5, 0/31 HPs)
             Began as an Octopode Wizard on Jan 1, 2021.
             Was an Initiate of Nemelex Xobeh.
             Slain by a hound (2 damage)
             ... on level 3 of the Dungeon.
             The game lasted 00:06:49 (3812 turns).

Goreval the Sneak (Octopode Wizard)                 Turns: 3812, Time: 00:06:50

Health: 0/31       AC:  1    Str:  6    XL:     5   Next: 77%
Magic:  1/10       EV: 13    Int: 22    God:    Nemelex Xobeh [......]
Gold:   119        SH:  0    Dex: 10    Spells: 0/11 levels left

rFire    . . .     SeeInvis .   k - +0 dagger
rCold    . . .     Gourm    .   (no shield)
rNeg     . . .     Faith    .   a - +0 hat
rPois    .         Spirit   .   g - amulet of the acrobat
rElec    .         Reflect  .   (no ring)
rCorr    .         Harm     .   (no ring)
MR       .....                  (no ring)
Stlth    +++.......             (no ring)
HPRegen  0.10/turn              (no ring)
MPRegen  0.12/turn              (no ring)
                                (no ring)
                                (no ring)

@: no status effects
A: almost no armour, stealthy swim, amphibious, 8 rings, constrict 8, camouflage
1, gelatinous body 1
a: Draw Escape, Draw Destruction, Draw Summoning, Renounce Religion


You were on level 3 of the Dungeon.
You worshipped Nemelex Xobeh.
Nemelex Xobeh was noncommittal.
You were not hungry.

You visited 1 branch of the dungeon, and saw 4 of its levels.

You collected 119 gold pieces.

Inventory:

Hand Weapons
 k - a +0 dagger (weapon)
Missiles
 j - 76 stones (quivered)
Armour
 a - a +0 hat (worn)
Jewellery
 g - an amulet of the acrobat (around mantle)
Scrolls
 b - a scroll of noise {unknown}
 d - 4 scrolls of identify {unknown}
 e - a scroll of immolation {unknown}
 l - 2 scrolls of remove curse {unknown}
 p - 2 scrolls of enchant armour {unknown}
 q - 2 scrolls of fog {unknown}
 r - a scroll of magic mapping {unknown}
 s - a scroll of amnesia {unknown}
 t - a scroll of random uselessness {unknown}
 w - a scroll of teleportation {unknown}
Potions
 f - 2 potions of lignification {unknown}
 h - 2 potions of heal wounds {unknown}
 i - a potion of curing {unknown}
 m - 2 potions of haste {unknown}
 n - a potion of resistance {unknown}
 o - a potion of degeneration {unknown}
 v - 2 potions of berserk rage {unknown}
Comestibles
 c - 2 rations
 u - 4 chunks of flesh


   Skills:
 - Level 3.0 Dodging
 + Level 4.3 Stealth
 + Level 3.7 Spellcasting
 * Level 3.6 Conjurations
 - Level 1.0 Summonings
 - Level 1.0 Translocations


You couldn't memorise any spells.
You knew the following spells:

 Your Spells              Type           Power        Failure   Level  Hunger
a - Magic Dart            Conj           ###.         2%          1    None
b - Mephitic Cloud        Conj/Pois/Air  #.......     22%         3    ###....
c - Conjure Flame         Conj/Fire      ##......     17%         3    ###....
n - Blink                 Tloc           N/A          12%         2    #......
z - Call Imp              Summ           #.......     12%         2    #......

Your spell library contained the following spells:

 Spells                   Type           Power        Failure   Level  Hunger
 Slow                     Hex            #.......     17%         2    #......


Dungeon Overview and Level Annotations

Branches:
Dungeon (4/15)
 Temple: D:4-7

Altars:
Cheibriados
Gozag
Nemelex Xobeh


Innate Abilities, Weirdness & Mutations

You cannot wear most types of armour.
You are very stealthy in the water. (Stealth+)
You are amphibious.
You can wear up to eight rings at the same time.
You can use your tentacles to constrict eight enemies at once.
Your skin changes colour to match your surroundings (Stealth+).
Your rubbery body absorbs attacks. (AC +1, EV +1)


Message History

* * * LOW HITPOINT WARNING * * *
You hit the hound.
You constrict the hound, but do no damage.
The hound barely misses you.
Your iron imp hits the hound.
The hound closely misses you.
You hit the hound. You constrict the hound. The hound closely misses you.
Your iron imp hits the hound but does no damage.
You hit the hound but do no damage. You constrict the hound.
The hound bites you.
* * * LOW HITPOINT WARNING * * *
The hound bites you.
* * * LOW HITPOINT WARNING * * *
Your iron imp barely misses the hound.
You release your grip on the hound.
Your iron imp barely misses the hound.
The hound completely misses you. The hound misses you.
You completely miss the hound. Your grab misses the hound.
You squeeze the hound. The hound bites you.
You die...
Your body disappears without a glow.

..##..#.##..#.#..####.........#
............#.#..####.#########
#.##..#.###................##
#.##..#.# ###.############..#
#.......# ##.#### ##.#
####.)#### #.5>5.# #.#
##[......# ##.##.# #.#
.........# ####h# #.##
##.......# #@# #..# ##.......#
##### ##### ###.# ##.......#
#..####_#8###.#.# #........#
#.###.#.#.#.#.8.# #........#
#.##.....÷......# #.####.####
#.###..........)# #.#.......#
#.##⌠.#.#.#.#.8##
#.#)##.##.####.###8#.#.#_#♣##
#............#.# #########


You could see a hound and a friendly iron imp (summoned).

Vanquished Creatures
  An orc wizard (D:3)
  A centaur skeleton (D:4)
  2 adders (D:3)
  4 worms
  2 dart slugs
  A leopard gecko (D:3)
  2 orcs
  2 giant cockroaches
  9 goblins
  6 hobgoblins
  4 jackals
  2 ball pythons (D:3)
  3 bats
  4 frilled lizards
  6 kobolds
  7 rats
56 creatures vanquished.

Vanquished Creatures (collateral kills)
  2 orc wizards
  An adder (D:3)
  An ooze (D:1)
  8 orcs
  A giant cockroach (D:3)
  A hobgoblin (D:3)
14 creatures vanquished.

Grand Total: 70 creatures vanquished

Notes
Turn   | Place    | Note
-------+----------+-------------------------------------------
     0 | D:1      | Goreval the Octopode Wizard began the quest for the Orb.
     0 | D:1      | Reached XP level 1. HP: 11/11 MP: 4/4
   472 | D:1      | Reached XP level 2. HP: 14/17 MP: 0/6
   476 | D:1      | Learned a level 2 spell: Blink
   479 | D:1      | Learned a level 2 spell: Call Imp
   541 | D:1      | Reached skill level 3 in Stealth
  1107 | D:2      | Reached XP level 3. HP: 21/21 MP: 7/7
  1258 | D:2      | Learned a level 3 spell: Mephitic Cloud
  1500 | D:2      | Found an opulent altar of Gozag.
  2583 | D:3      | Reached XP level 4. HP: 27/27 MP: 3/8
  3208 | D:3      | Found a sparkling altar of Nemelex Xobeh.
  3220 | D:3      | Found a snail-covered altar of Cheibriados.
  3231 | D:3      | Became a worshipper of Nemelex Xobeh the Trickster
  3354 | D:3      | Reached XP level 5. HP: 31/31 MP: 5/10
  3480 | D:3      | Reached skill level 4 in Stealth
  3747 | D:3      | Learned a level 3 spell: Conjure Flame
  3807 | D:3      | HP: 1/31 [hound (5)]
  3812 | D:3      | Slain by a hound

Illustrated notes

Levels and vault maps discovered:
D:1:      saegor_arrival_miasma, layout_rooms
D:2:      layout_basic, nicolae_gozag_cash_rules_everything_around_me
D:3:      layout_loops_cross, minitemple
D:4:      layout_rooms, eat_drink_and_be_merry_uskayaw,
          nicolae_qazlal_general_emergency, first_ration

Skill      XL: |  1  2  3  4  5 |
---------------+----------------+-----
Stealth        | 3 4 |  4.3
Conjurations   | 2 3 |  3.6
Dodging        | 3 |  3.0
Spellcasting   | |  3.7
Summonings     | |  1.0
Translocations | |  1.0

Action                   |  1- 3 |  4- 6 || total
-------------------------+-------+-------++-------
Melee: Unarmed           |     8 |       ||     8
       Tentacles         |     4 |     7 ||    11
       Constrict         |     5 |    11 ||    16
       Dagger            |    15 |    38 ||    53
 Cast: Magic Dart        |    83 |    37 ||   120
       Call Imp          |     2 |    12 ||    14
 Stab: Sleeping          |     3 |     2 ||     5
       Distracted        |       |     1 ||     1
  Eat: Chunk             |     5 |     4 ||     9
Armor: Skin              |     1 |     3 ||     4
Dodge: Dodged            |    17 |    40 ||    57
